 Dungeon Crawl Stone Soup version 0.17-a0-1830-g81820eb (webtiles) character file.

26543 4thArraOfDagon the Grappler (level 12, -27/114 HPs)
             Began as a Troll Chaos Knight on Sept 13, 2015.
             Was a High Priest of Cheibriados.
             Annihilated by an ice devil (32 damage)
             ... summoned by an orc high priest
             ... on level 4 of the Orcish Mines.
             The game lasted 00:43:04 (7490 turns).

4thArraOfDagon the Grappler (Troll Chaos Knight)    Turns: 7490, Time: 00:43:05

Health: -27/114    AC: 11    Str: 35    XL:     12   Next: 99%
Magic:  5/18       EV: 16    Int: 26    God:    Cheibriados [*****.]
Gold:   687        SH:  0    Dex: 25    Spells: 6 memorised, 3 levels left

rFire  + . .     SeeInvis .       - Unarmed
rCold  . . .     Clarity  .     M - +1 robe {rF+}
rNeg   . . .     SustAt   .     (no shield)
rPois  .         Gourm    +     (helmet restricted)
rElec  .         Spirit   .     x - +0 cloak
rCorr  .         Warding  .     (gloves unavailable)
rMut   .         Stasis   .     (boots unavailable)
MR     .....                    e - amulet of regeneration
Stlth  ++........               (no ring)
                                (no ring)

@: very slow, not resistant to hostile enchantments, unstealthy
A: unfitting armour, claws 3, thin metallic scales 1, yellow scales 1, agile 1,
blurry vision 1, fast metabolism 3, gourmand, regeneration 2, shaggy fur 1,
tough skin 2, weak 1, no device heal 1
a: Bend Time, Temporal Distortion, Slouch, Step From Time, Renounce Religion


You were on level 4 of the Orcish Mines.
You worshipped Cheibriados.
Cheibriados was extremely pleased with you.
You were very full.

You visited 2 branches of the dungeon, and saw 19 of its levels.
You also visited: Ossuary, Ice Cave and Volcano.

You collected 986 gold pieces.
You spent 299 gold pieces at shops.

Inventory:

Hand weapons
 N - a +1 scimitar of flaming
 R - a +0 giant spiked club
Missiles
 a - 2 throwing nets
 v - 7 javelins
 D - 5 javelins of returning (quivered)
 L - 6 large rocks
Armour
 x - a +0 cloak (worn)
 M - a +1 robe of fire resistance (worn)
 S - a +2 robe of cold resistance
Jewellery
 e - an amulet of regeneration (around neck)
 t - an uncursed ring of ice
Magical devices
 d - a wand of heal wounds (5)
 i - a wand of draining (5)
 q - a wand of lightning (5)
 u - a wand of confusion (25)
 w - a wand of flame (11)
 y - a wand of teleportation (5)
 z - a wand of polymorph (3)
 C - a wand of frost (27)
 E - a wand of confusion (20)
 I - a wand of paralysis (16)
 J - a wand of random effects (27)
 K - a wand of cold (9)
Scrolls
 f - 3 scrolls of fog
 j - 2 scrolls of remove curse
 k - a scroll of enchant weapon
 l - 2 scrolls of blinking
 m - a scroll of silence
 r - 4 scrolls of teleportation
Potions
 n - a potion of resistance
 o - a potion of might
 p - 5 potions of flight
 s - 3 potions of curing
 A - 3 potions of heal wounds
 B - a potion of berserk rage {unknown}
 O - 2 potions of haste
 P - a potion of agility
Books
 H - a book of Spatial Translocations

   Spells                             Type                      Level
   a - Apportation                    Translocation                1
   b - Blink                          Translocation                2
   c - Shroud of Golubria             Charms/Translocation         2
   d - Portal Projectile              Translocation                3
   e - Teleport Other                 Translocation                3
   f - Passage of Golubria            Translocation                4
 T - a book of Ice

   Spells                             Type                      Level
   a - Ice Form                       Ice/Transmutation            4
   b - Metabolic Englaciation         Hexes/Ice                    5
   c - Ozocubu's Refrigeration        Ice                          6
   d - Bolt of Cold                   Conjuration/Ice              6
   e - Freezing Cloud                 Conjuration/Ice/Air          6
   f - Simulacrum                     Ice/Necromancy               6
Miscellaneous
 g - a fan of gales
Comestibles
 b - 4 bread rations
 c - 4 fruits
 h - a slice of pizza
 F - 2 royal jellies
 G - a meat ration
 Q - 3 chunks of flesh


   Skills:
 - Level 6.0 Fighting
 - Level 6.3 Dodging
 * Level 10.6 Unarmed Combat
 + Level 4.6 Spellcasting
 - Level 4.0 Translocations
 * Level 7.3 Transmutations
 * Level 8.5 Earth Magic
 - Level 5.2 Invocations


You had 3 spell levels left.
You knew the following spells:

 Your Spells              Type           Power        Failure   Level  Hunger
a - Statue Form           Trmt/Erth      #####....    50%         6    #######
b - Apportation           Tloc           ####......   1%          1    None
c - Passage of Golubria   Tloc           N/A          17%         4    ####...
d - Regeneration          Chrm/Necr      #.........   24%         3    ##.....
e - Blink                 Tloc           N/A          2%          2    None
f - Animate Skeleton      Necr           N/A          10%         1    None


Dungeon Overview and Level Annotations

Branches:
Dungeon (15/15)               Orc (4/4) D:12            Elf (0/3) Orc:3
 Temple: D:4-7         Lair: D:8-11      Vaults: D:13-14     Depths: D:15

Altars:
Cheibriados
Dithmenos
Elyvilon
Nemelex Xobeh
Qazlal
Trog
Beogh

Shops:
D:10 *   D:13 [}?   D:14 (   D:15 [   Orc:2 (


Innate Abilities, Weirdness & Mutations

You are too large for most types of armour.
You have claws for hands.
Your metabolism is lightning-fast.
You like to eat raw meat.
You heal very quickly.
You are covered in fur (AC +1).
You have very tough skin (AC +2).
You are partially covered in thin metallic scales (AC +2).
You are partially covered in yellow scales (AC +2).
You are agile. (Dex +2)
Scrolls take you a little longer to read.
You are weak. (Str -2)
Potions and wands are less effective at restoring your health.


Message History

The orc high priest is healed somewhat.
The ice devil hits you.
* * * LOW HITPOINT WARNING * * *
The ice devil freezes you!!
* * * LOW HITPOINT WARNING * * *
An orc comes into view. It is wielding a whip.
Unknown command.
Unknown command.
Use which ability?
You warp the flow of time around you!
You feel somewhat less full.
Unknown command.
Read which item? (? for menu, Esc to quit)
Really read with blurry vision while enemies are nearby?
The smoke demon roars!
The orc high priest hits you but does no damage.
You begin reading the scroll.
You continue reading the scroll.
The orc high priest barely misses you. The ice devil hits you.
* * * LOW HITPOINT WARNING * * *
The ice devil freezes you!!
You die...
Xom laughs nastily!

##.#..............##
#................<.#
#..................#
##.#.......##.....##
###.#.....#.......#
#...#.........3.##
.................)##
..##..#..#.##3)....#
.. #......####@...##
##.##.###...)..# ...
###..oo...## ...
#..)..#.## ...
#...)......#
............#
.#.)).)#...##
............
...........##


You could see an ice devil, an orc high priest, a smoke demon and an orc.

Vanquished Creatures
  Azrael (D:15)
  The ghost of cireshan the Thaumaturge, a powerful DECj of Sif Muna (D:9)
  The ghost of asdu the Cleaver, an experienced VSBe of Trog (D:12)
  A necromancer (IceCv)
  4 unseen horrors
  An ice statue (IceCv)
  4 hill giants
  An orc knight (Orc:3)
  3 ugly things
  A cyclops (D:13)
  An orc sorcerer (Orc:4)
  A gargoyle (D:13)
  A molten gargoyle (Volcano)
  A komodo dragon (D:14)
  A troll (Orc:3)
  2 polar bears (D:9)
  3 two-headed ogres
  12 freezing wraiths
  A trapdoor spider zombie (Ossuary)
  A wraith (D:13)
  A spriggan (D:10)
  A deep elf mage (D:12)
  10 yaks
  A hungry ghost (D:13)
  6 fire elementals
  A fire bat (Volcano)
  2 hippogriffs
  2 wargs
  2 hell hounds (D:15)
  9 ice beasts
  A black bear (D:8)
  2 sky beasts
  6 ogres
  A wasp (D:9)
  5 centaurs
  18 orc warriors
  A necrophage (D:9)
  A phantom (D:8)
  3 giant frogs
  A water moccasin zombie (Ossuary)
  2 big kobolds (D:9)
  A scorpion (D:9)
  5 killer bees (D:10)
  2 elephant simulacra (IceCv)
  3 wights (D:8)
  A bog body (Ossuary)
  3 centaur zombies
  2 lava snakes (Volcano)
  5 hounds
  20 orc wizards
  6 giant frog zombies
  4 crimson imps
  3 draconian simulacra (IceCv)
  16 orc priests
  2 iguanas
  Crazy Yiuf (D:6)
  4 troll simulacra (IceCv)
  3 centaur skeletons
  Natasha (thrice) (D:4)
  8 worker ants
  4 spriggan simulacra (IceCv)
  A killer bee zombie (D:5)
  A wolf simulacrum (IceCv)
  A polar bear simulacrum (IceCv)
  3 centaur simulacra (IceCv)
  3 hound zombies (Ossuary)
  A hound skeleton (D:10)
  12 mummies
  A worker ant zombie (Ossuary)
  10 adders
  3 gnolls (D:8)
  6 naga simulacra (IceCv)
  12 white imps (IceCv)
  2 oozes (D:2)
  3 adder skeletons
  8 adder zombies
  2 giant geckos
  146 orcs
  A ball python (D:4)
  2 giant cockroaches (D:4)
  A goblin (D:1)
  A hobgoblin (D:2)
  2 jackals (D:6)
  A quokka (D:12)
  A jackal zombie (Ossuary)
  13 kobolds
  2 quokka zombies (Ossuary)
  A fungus (D:6)
454 creatures vanquished.

Vanquished Creatures (collateral kills)
  Eustachio (D:5)
  A giant frog zombie (Ossuary)
  A hound zombie (Ossuary)
  2 mummies (Ossuary)
  An adder (D:5)
6 creatures vanquished.

Vanquished Creatures (others)
  A fire vortex (Volcano)
  A fulminant prism (D:9)
2 creatures vanquished.

Grand Total: 462 creatures vanquished

Notes
Turn   | Place    | Note
--------------------------------------------------------------
     0 | D:1      | 4thArraOfDagon the Troll Chaos Knight began the quest for the Orb.
     0 | D:1      | Reached XP level 1. HP: 22/22 MP: 0/0
    97 | D:2      | XOM: potion effect (haste)
   129 | D:2      | Reached XP level 2. HP: 25/29 MP: 1/1
   215 | D:4      | XOM: divination: magic mapping
   221 | D:4      | Reached XP level 3. HP: 32/36 MP: 2/2
   236 | D:4      | XOM: potion effect (brilliance)
   245 | D:4      | Reached skill level 4 in Unarmed Combat
   288 | D:4      | Reached XP level 4. HP: 37/45 MP: 3/3
   317 | D:4      | Noticed Natasha
   328 | D:4      | Killed Natasha
   362 | D:4      | Reached XP level 5. HP: 32/53 MP: 4/4
   442 | D:4      | Reached skill level 1 in Spellcasting
   514 | D:4      | Noticed Natasha
   521 | D:4      | Killed Natasha
   537 | D:5      | Entered Level 5 of the Dungeon
   558 | D:5      | Noticed Eustachio
   575 | D:5      | Noticed an ogre
   598 | D:5      | HP: 2/53 [orc/mace (6)]
   603 | D:5      | XOM: potion effect (berserk rage)
   675 | D:4      | XOM: silly message
   686 | D:4      | Noticed Natasha
   687 | D:4      | Killed Natasha
   718 | D:5      | XOM: harmless Fire miscast
   723 | D:5      | XOM: summons friendly crimson imp
   737 | D:5      | Killed an ogre
   737 | D:5      | Reached XP level 6. HP: 18/61 MP: 5/7
   748 | D:5      | Found a sand-covered staircase.
   754 | Ossuary  | Entered an ossuary
   768 | Ossuary  | Reached skill level 5 in Unarmed Combat
   816 | Ossuary  | Learned a level 6 spell: Statue Form
   839 | Ossuary  | XOM: 6-stop teleportation journey
   851 | Ossuary  | XOM: confuse monster(s)
   878 | Ossuary  | Reached XP level 7. HP: 56/67 MP: 8/8
   902 | Ossuary  | XOM: scenery: 3 doors open, 4 doors close
   911 | Ossuary  | Reached skill level 1 in Earth Magic
   919 | Ossuary  | Reached skill level 1 in Transmutations
   931 | Ossuary  | XOM: swap monsters
   963 | Ossuary  | XOM: summons friendly quasit
  1047 | Ossuary  | Noticed a trapdoor spider zombie
  1063 | Ossuary  | XOM: potion effect (invisibility)
  1064 | Ossuary  | Killed a trapdoor spider zombie
  1146 | D:5      | XOM: summons 7 friendly demons
  1153 | D:5      | Killed Eustachio
  1153 | D:5      | Reached XP level 8. HP: 78/78 MP: 10/10
  1206 | D:6      | Reached skill level 6 in Unarmed Combat
  1317 | D:6      | Gained mutation: You are partially covered in yellow scales (AC +2). [mutagenic meat]
  1318 | D:6      | Gained mutation: You are agile. (Dex +2) [mutagenic meat]
  1320 | D:6      | Gained mutation: You are partially covered in thin metallic scales (AC +2). [mutagenic meat]
  1321 | D:6      | Gained mutation: Potions and wands are less effective at restoring your health. [mutagenic meat]
  1372 | D:6      | Found a snail-covered altar of Cheibriados.
  1379 | D:6      | Fell from the grace of Xom
  1379 | D:6      | Became a worshipper of Cheibriados the Contemplative
  1421 | D:6      | XOM: noise
  1529 | D:5      | Found a sparkling altar of Nemelex Xobeh.
  1573 | D:5      | Acquired Cheibriados's first power
  1616 | D:6      | XOM: give mutations
  1616 | D:6      | Gained mutation: You are weak. (Str -2) [Xom's mischief]
  1616 | D:6      | Gained mutation: Scrolls take you a little longer to read. [Xom's mischief]
  1674 | D:6      | Noticed Crazy Yiuf
  1681 | D:6      | Killed Crazy Yiuf
  1867 | D:8      | Reached skill level 1 in Invocations
  1920 | D:8      | Noticed a two-headed ogre
  1933 | D:8      | Killed a two-headed ogre
  1933 | D:8      | Reached XP level 9. HP: 80/85 MP: 10/12
  2146 | D:9      | Reached skill level 7 in Unarmed Combat
  2212 | D:9      | XOM: mild Fire miscast
  2242 | D:8      | Found a white marble altar of Elyvilon.
  2366 | D:9      | XOM: mild Trmt miscast
  2396 | D:9      | Acquired Cheibriados's second power
  2405 | D:9      | XOM: noise
  2409 | D:8      | Noticed a two-headed ogre
  2413 | D:9      | Killed a two-headed ogre
  2428 | D:9      | Noticed a manticore
  2500 | D:9      | Reached XP level 10. HP: 88/94 MP: 13/13
  2545 | D:9      | Noticed a white ugly thing
  2559 | D:9      | HP: 4/94 [white ugly thing (14)]
  2587 | D:9      | Killed a white ugly thing
  2587 | D:9      | Reached skill level 5 in Fighting
  2587 | D:9      | Reached skill level 5 in Earth Magic
  2629 | D:9      | XOM: mild Trmt miscast
  2647 | D:9      | Noticed cireshan's ghost (powerful DECj)
  2658 | D:9      | Found a stormy altar of Qazlal.
  2710 | D:9      | Killed cireshan's ghost
  2718 | D:9      | XOM: mild Hex miscast
  2758 | D:10     | Entered Level 10 of the Dungeon
  2758 | D:10     | Found a bloodstained altar of Trog.
  2774 | D:9      | Reached skill level 8 in Unarmed Combat
  2904 | D:10     | XOM: medium Tloc miscast
  2960 | D:10     | Killed an unseen horror
  2960 | D:10     | Reached skill level 5 in Dodging
  3067 | D:10     | Noticed a hill giant
  3085 | D:10     | Killed a hill giant
  3085 | D:10     | Reached skill level 5 in Transmutations
  3201 | D:10     | Acquired Cheibriados's third power
  3264 | D:10     | Found Zogac's Assorted Antiques.
  3288 | D:10     | Bought a scroll of magic mapping for 101 gold pieces
  3342 | D:11     | Noticed a purple ugly thing
  3360 | D:11     | Killed a purple ugly thing
  3603 | D:12     | Learned a level 1 spell: Apportation
  3608 | D:12     | Learned a level 4 spell: Passage of Golubria
  3634 | D:12     | XOM: divination: detect items
  3688 | D:12     | Reached XP level 11. HP: 102/104 MP: 15/15
  3711 | D:12     | Found a staircase to the Orcish Mines.
  3737 | D:12     | Acquired Cheibriados's fourth power
  3806 | D:12     | Noticed asdu's ghost (experienced VSBe)
  3817 | D:12     | XOM: mild Divn miscast
  3821 | D:12     | Killed asdu's ghost
  3866 | D:11     | Found a runed door.
  3914 | D:10     | XOM: noise
  3996 | D:11     | Noticed a cyclops
  3996 | D:11     | Noticed a cyclops
  4097 | D:11     | Killed an unseen horror
  4123 | D:11     | XOM: medium Necr miscast
  4167 | D:11     | Reached skill level 9 in Unarmed Combat
  4167 | D:11     | Reached skill level 1 in Translocations
  4219 | D:11     | XOM: medium Conj miscast
  4277 | D:12     | Killed an unseen horror
  4453 | D:14     | Noticed a hill giant
  4461 | D:14     | Killed a hill giant
  4524 | D:13     | Found Jijar's Gadget Shoppe.
  4528 | D:13     | Found Emenula's Magic Scroll Boutique.
  4542 | D:13     | Bought a scroll of magic mapping for 52 gold pieces
  4542 | D:13     | Bought a scroll of teleportation for 45 gold pieces
  4623 | D:13     | Found Voituts's Armour Emporium.
  4643 | D:13     | XOM: divination: detect creatures
  4833 | D:15     | Entered Level 15 of the Dungeon
  4867 | D:15     | Found Esus's Antique Armour Shop.
  4870 | D:15     | Bought a runed robe for 26 gold pieces
  4932 | D:15     | Noticed Azrael
  4939 | D:15     | Killed Azrael
  4990 | D:15     | Killed an unseen horror
  4990 | D:15     | Reached XP level 12. HP: 91/114 MP: 17/17
  5026 | D:15     | XOM: noise
  5075 | D:15     | Found a frozen archway.
  5081 | IceCv    | Entered an ice cave
  5105 | IceCv    | XOM: mild Pois miscast
  5222 | IceCv    | XOM: noise
  5335 | IceCv    | XOM: mild Divn miscast
  5362 | IceCv    | XOM: enchant monster (bad)
  5388 | IceCv    | Learned a level 3 spell: Regeneration
  5391 | IceCv    | Learned a level 2 spell: Blink
  5393 | IceCv    | Learned a level 1 spell: Animate Skeleton
  5415 | IceCv    | Found an ancient bone altar of Kikubaaqudgha.
  5432 | IceCv    | Reached skill level 10 in Unarmed Combat
  5513 | IceCv    | XOM: medium Ice miscast
  5632 | IceCv    | XOM: medium Air miscast
  5640 | IceCv    | XOM: medium Erth miscast
  5754 | IceCv    | XOM: god gift: 33 gold pieces
  5779 | IceCv    | Identified Sif Muna's Grimoire of Bewitching Snow
  5998 | D:15     | XOM: mild Hex miscast
  5998 | D:15     | Was forgiven by Xom
  6046 | D:14     | Found Ufoihaz's Weapon Shoppe.
  6123 | D:13     | Bought a scroll of identify for 30 gold pieces
  6123 | D:13     | Bought a scroll of teleportation for 45 gold pieces
  6161 | D:12     | Noticed a hill giant
  6166 | D:12     | Killed a hill giant
  6204 | D:12     | Found a shadowy altar of Dithmenos.
  6296 | Orc:1    | Entered Level 1 of the Orcish Mines
  6479 | Orc:2    | Found Zainomie's Weapon Boutique.
  6857 | Orc:3    | Reached skill level 5 in Invocations
  6860 | Orc:3    | Found a dark tunnel.
  6869 | Volcano  | Entered a volcano
  6964 | Volcano  | LO
  6998 | Volcano  | Found a burning altar of Makhleb.
  7186 | Orc:3    | Found a staircase to the Elven Halls.
  7369 | Orc:3    | Found a roughly hewn altar of Beogh.
  7416 | Orc:4    | Entered Level 4 of the Orcish Mines
  7490 | Orc:4    | HP: 5/114 [ice devil[an orc high priest] (5)]
  7490 | Orc:4    | Annihilated by an ice devil

Vault maps used:
D:1:      minmay_arrival_nine_rooms, lexackson_kobold_supper
D:2:      lemuel_crystal_altar, uniq_sigmund
D:3:      nicolae_overflow_hidden_temple, uniq_iyjb
D:4:      uniq_grinder, uniq_natasha
D:5:      lightli_ossuary_entry_decrepit_ruins, first_bread,
          nemelex_diamond_rough_becter, uniq_eustachio
D:6:      okawaru_altar_gauntlet_db, slow_altar_2, temple_fountains,
          uniq_crazy_yiuf_cottage
D:8:      black_bear_nest_1, lemuel_doored_altar
D:9:      nicolae_qazlal_general_emergency
D:10:     minmay_lair_entry_lava, serial_shops, nicolae_shop_stone, the_bakery,
          trog_ov_bears_minmay
D:11:     lightli_airlock
D:12:     hiddenorc2_lemuel, serial_shops, shop, nicolae_dithmenos_the_darkroom
D:13:     lightli_vaults_fourway_checkpoint, serial_shops,
          nicolae_shop_behind_doors, kennysheep_mini, shop, shop, shop
D:14:     minivault_24, serial_shops, shop, yredelemnul_altar_generic
D:15:     gammafunk_enter_depths_forms, serial_shops, nicolae_shop_behind_doors,
          portal_ice_cave_entry_horrid_things, minivault_4, uniq_azrael
Orc:1:    statue_in_the_mist_lemuel, nicolae_orc_flooded_monolith
Orc:2:    serial_shops, nicolae_shop_trees, nicolae_orc_tapped_out
Orc:3:    special_room, lightli_volcano_entry_magma_tube,
          nicolae_orc_pool_cavern, abandoned_shop, nicolae_orc_stony_grotto,
          nicolae_orc_lava_tube
Orc:4:    pf_orc_diabolical
Ossuary:  ossuary_zaba_flooded
IceCv:    ice_cave_small_necro
Volcano:  volcano_grotto

Action                   |  1- 3 |  4- 6 |  7- 9 | 10-12 || total
-------------------------+-------+-------+-------+-------++-------
Melee: Unarmed           |    51 |   145 |   424 |   835 ||  1455
Invok: Temporal Distorti |       |       |       |     5 ||     5
       Slouch            |       |       |       |     8 ||     8
Evoke: Wand              |       |     1 |     6 |     3 ||    10
  Use: Scroll            |       |     6 |     7 |    15 ||    28
       Potion            |       |       |     1 |     7 ||     8
 Stab: Invisible         |       |       |     6 |     4 ||    10
       Sleeping          |       |       |       |     3 ||     3
       Distracted        |       |       |       |     2 ||     2
  Eat: Chunk             |     5 |     7 |    19 |    41 ||    72
       Fruit             |       |       |       |     1 ||     1
       Beef jerky        |       |       |       |     1 ||     1
